 Dungeon Crawl Stone Soup version 0.31-a0-521-gc7390f8997 (webtiles) character file.

Game seed: 1333730313407151150

956 Shayle the Ogre Mage (level 8, -4/70 HPs)
             Began as an Ogre Shapeshifter on Aug 10, 2023.
             Slain by a scorpion (7 damage)
             ... on level 7 of the Dungeon.
             The game lasted 00:10:03 (4553 turns).

Shayle the Ogre Mage (Ogre Shapeshifter)            Turns: 4553, Time: 00:10:03

Health: -4/70      AC:  3    Str: 20    XL:     8   Next: 14%
Magic:  18/18      EV: 14    Int: 11    God:
Gold:   262        SH:  0    Dex:  9    Spells: 20/20 levels left

rFire   . .          .
                       - Unarmed
rCold   . . .        (no shield)
rNeg    . . .        a - +0 animal skin
rPois   .            (helmet currently unavailable)
rElec   .            (cloak currently unavailable)
rCorr   .            (gloves unavailable)
SInv    .            (boots unavailable)
Will    .....        (no amulet)
Stlth   +            r - +5 ring of evasion
HPRegen 0.31/turn    (no ring)
MPRegen 0.16/turn

%: no passive effects
@: lethally poisoned (-4 -> -10), beast-form
A: beast (slay +2), large, unfitting armour, tough skin 1
a: Begin Untransformation


You were on level 7 of the Dungeon.
You were a hulking beast.
You visited 1 branch of the dungeon, and saw 7 of its levels.

You collected 339 gold pieces.
You spent 77 gold pieces at shops.

Inventory:

Hand Weapons
 i - a +1 dagger of draining
 s - the +1 whip "Beetlebane" {freeze, Stlth+}
   (You found it on level 5 of the Dungeon)

   Stlth+:    It makes you more stealthy.
Armour
 a - a +0 animal skin (worn)
Jewellery
 r - a +5 ring of evasion (left hand)
Talismans
 c - a beast talisman (active)
 d - a flux talisman
Scrolls
 b - a scroll of identify {unknown}
 e - a scroll of enchant weapon {unknown}
 f - a scroll of summoning {unknown}
 l - 2 scrolls of immolation {unknown}
 m - a scroll of fog {unknown}
 q - a scroll of teleportation
 t - a scroll of silence {unknown}
Potions
 g - 2 potions of curing {unknown}
 j - a potion of ambrosia {unknown}
 k - a potion of invisibility {unknown}
 n - a potion of haste {unknown}
 o - a potion of enlightenment {unknown}
 p - a potion of attraction


   Skills:
 - Level 1.3 Fighting
 - Level 1.7 Dodging
 + Level 6.4 Unarmed Combat
 + Level 6.9 Spellcasting
 - Level 3.0 Shapeshifting


You had 20 spell levels left.
You didn't know any spells.
Your spell library contained the following spells:

 Spells                   Type           Power      Damage    Failure   Level
 Sting                    Tmut/Pois      12%        1d3       19%         1
 Lesser Beckoning         Tloc           6%         N/A       26%         2
 Poisonous Vapours        Pois/Air       6%         N/A       26%         2
 Gell's Gravitas          Tloc           3%         N/A       47%         3
 Inner Flame              Hex/Fire       3%         N/A       47%         3
 Teleport Other           Tloc           3%         N/A       47%         3
 Flame Wave               Conj/Fire      3%         2d5       87%         4
 Olgreb's Toxic Radiance  Pois           3%         N/A       87%         4
 Sticky Flame             Conj/Fire      3%         2d3       87%         4


Dungeon Overview and Level Annotations

Branches:
Dungeon (7/15)
 Temple: D:4-7

Altars:
Dithmenos
Makhleb

Shops:
D:3 !   D:4 (   D:5 (

Portals:
Abyss: D:5

Annotations:
D:5 2 transporters, lessens's ghost, novice DsFi


Innate Abilities, Weirdness & Mutations

You are a hulking beast.
Your limbs bulge with bestial killing power. (Slay +2)
You are too large for most types of armour.
You have tough skin. (AC +1)


Message History

The ice beast hits you but does no damage.
You hit the ice beast but do no damage.
The ice beast is moderately wounded.
The ice beast completely misses you.
You barely miss the ice beast.
The ice beast is moderately wounded.
The ice beast hits you but does no damage.
You hit the ice beast.
The ice beast is heavily wounded.
The ice beast closely misses you.
You hit the ice beast.
The ice beast is severely wounded.
The ice beast hits you but does no damage.
You hit the ice beast.
The ice beast is severely wounded.
The ice beast closely misses you.
You punch the ice beast!
You kill the ice beast!
You closely miss the scorpion. The scorpion stings you.
* * * LOW HITPOINT WARNING * * *
You punch the scorpion!
The scorpion is heavily wounded.
The scorpion stings you.
* * * LOW HITPOINT WARNING * * *
You are lethally poisoned!
The scorpion poisons you!
You hit the scorpion.
The scorpion is severely wounded.
* * * LOW HITPOINT WARNING * * *
You feel very sick.
The scorpion stings you but does no damage.
You closely miss the scorpion.
The scorpion is severely wounded.
* * * LOW HITPOINT WARNING * * *
You feel sick. The scorpion misses you. x2
You closely miss the scorpion.
The scorpion is severely wounded.
* * * LOW HITPOINT WARNING * * *
You feel sick. The scorpion stings you!
You die...

## 5. .#### ..#
......#####..#
.......hsK#..#
......###KK..# .####
##.#..##.. #.........
##...###.# ###..#.....
## ....8# #.......#.#
#. .....# #....#..#..
.
#.##....####..........


You could see a scorpion and 3 kobolds.

Vanquished Creatures
  An ice beast (D:7)
  2 black bears (D:5)
  A phantom (D:5)
  A scorpion (D:5)
  A jelly (D:5)
  2 gnoll boudas
  2 hounds (D:4)
  A sleepcap (D:7)
  Jessica (D:3)
  3 iguanas
  An orc wizard (D:5)
  12 gnolls
  4 adders
  3 worms
  3 dart slugs
  14 orcs
  6 endoplasms
  2 giant cockroaches
  4 goblins
  5 hobgoblins
  4 jackals (D:2)
  3 ball pythons
  2 bats (D:1)
  4 frilled lizards
  3 kobolds
  6 rats
91 creatures vanquished.

Notes
Turn   | Place    | Note
-------+----------+-------------------------------------------
     0 | D:1      | Shayle the Ogre Shapeshifter began the quest for the Orb.
     0 | D:1      | Reached XP level 1. HP: 19/19 MP: 1/1
   185 | D:1      | Reached skill level 1 in Spellcasting
   185 | D:1      | Reached XP level 2. HP: 14/27 MP: 2/4
   864 | D:2      | Reached XP level 3. HP: 31/33 MP: 5/5
  1448 | D:3      | Found a shadowy altar of Dithmenos.
  1452 | D:3      | Found Pikka's Distillery.
  1465 | D:3      | Bought a potion of might for 44 gold pieces
  1465 | D:3      | Bought a potion of attraction for 33 gold pieces
  1470 | D:3      | Reached XP level 4. HP: 37/41 MP: 7/7
  1922 | D:2      | Reached XP level 5. HP: 15/48 MP: 8/10
  2103 | D:3      | Noticed Jessica
  2121 | D:3      | Killed Jessica
  2877 | D:4      | Reached XP level 6. HP: 55/55 MP: 12/12
  2889 | D:4      | Found Gag Kani's Antique Weapon Emporium.
  3038 | D:4      | Found a burning altar of Makhleb.
  3038 | D:4      | Noticed a balrug
  3095 | D:5      | Entered Level 5 of the Dungeon
  3228 | D:5      | Noticed a small abomination
  3234 | D:5      | Found a one-way gate to the infinite horrors of the Abyss.
  3234 | D:5      | Found a transporter.
  3234 | D:5      | Noticed lessens's ghost (novice DsFi)
  3246 | D:5      | Found a transporter.
  3315 | D:5      | Identified the +1 whip "Beetlebane" {freeze, Stlth+}
  3461 | D:5      | Noticed a black bear
  3469 | D:4      | Reached skill level 5 in Unarmed Combat
  3518 | D:5      | Reached skill level 5 in Spellcasting
  3603 | D:5      | Reached XP level 7. HP: 52/62 MP: 13/15
  3667 | D:5      | Found Wagiel's Weapon Emporium.
  3805 | D:5      | Noticed a toenail golem
  4346 | D:6      | Reached XP level 8. HP: 18/70 MP: 17/17
  4553 | D:7      | HP: 3/70 [poisoned by a scorpion]
  4553 | D:7      | Slain by a scorpion

Illustrated notes

Levels and vault maps discovered:
D:1:      nzn_arrival_settlement, layout_basic
D:2:      layout_rooms, chequers_serial_rivers_micro_e
D:3:      layout_basic, nicolae_overflow_crystal_walls, serial_shops, shop,
          uniq_jessica
D:4:      layout_basic, makhleb_altar_promises_db, serial_shops,
          nicolae_shop_rolling_square
D:5:      layout_rooms, gammafunk_ghost_abyssal_escape, serial_shops,
          nicolae_shop_bloodbath_and_beyond
D:6:      layout_loops_ring, mainiacjoe_overflow_catch_the_wave,
          amethyst_overflow_temple_binary, temple_statues, serial_shops,
          nicolae_shop_tiny_statue_garden
D:7:      layout_loops_cross, fedhas_ov_isle_minmay, amcnicky_altar_gilded,
          serial_undead, serial_undead_f, serial_undead_c, serial_undead_a,
          serial_undead_d, enter_bailey_2

Skill      XL: |  1  2  3  4  5  6  7 |
---------------+----------------------+-----
Unarmed Combat | 3 4 5 6 |  6.4
Spellcasting   | 1 2 3 4 5 6 |  6.9
Fighting       | |  1.3
Dodging        | |  1.7
Shapeshifting  | |  3.0

Action                     |  1- 3 |  4- 6 |  7- 9 || total
---------------------------+-------+-------+-------++-------
  Melee: Unarmed           |    37 |    86 |    15 ||   138
         Dagger            |    65 |    32 |       ||    97
         Punch             |     2 |     3 |     7 ||    12
         Whip              |       |    22 |   108 ||   130
    Use: Potion            |     1 |     1 |     4 ||     6
         Scroll            |       |       |     1 ||     1
   Stab: Sleeping          |       |       |     2 ||     2
 Armour: Animal skin       |    33 |    16 |    21 ||    70
         Skin              |     8 |       |       ||     8
  Dodge: Dodged            |    41 |    72 |    99 ||   212

Table legend: (Time is in decaauts)
 A = Elapsed time spent in this place.
 B = Non-inter-level travel time spent in this place.
 C = Inter-level travel time spent in this place.
 D = Time resting spent in this place.
 E = Time spent auto-exploring this place.
 F = Levels seen in this place.
 G = Mean time per level.
                   A        B        C        D        E       F      G
               +--------+--------+--------+--------+--------+-----+--------+
         Total |   4557 |   4419 |    138 |    750 |   2630 |   7 |  651.0 |
       Dungeon |   4557 |   4419 |    138 |    750 |   2630 |   7 |  651.0 |
               +--------+--------+--------+--------+--------+-----+--------+

Top non-repeatable levels by time:
     D:2: 903 daAuts
     D:5: 886 daAuts
     D:3: 879 daAuts
     D:1: 843 daAuts
     D:4: 629 daAuts
     D:6: 293 daAuts
     D:7: 122 daAuts
